 Dungeon Crawl Stone Soup version 0.28.0 (webtiles) character file.

Game seed: 6810084973550014786

7480 dolemite99 the Grappler (level 10, -9/128 HPs)
             Began as a Troll Transmuter on Feb 13, 2022.
             Was a Priest of Jiyva.
             Mangled by a troll (12 damage)
             ... on level 10 of the Dungeon.
             The game lasted 00:11:15 (7100 turns).

dolemite99 the Grappler (Troll Transmuter)          Turns: 7100, Time: 00:11:15

Health: -9/128     AC:  6    Str: 22    XL:     10   Next: 94%
Magic:  10/10      EV: 10    Int: 13    God:    Jiyva [***...]
Gold:   381        SH:  0    Dex: 12    Spells: 10/11 levels left

rFire   . . .      SeeInvis .     - Unarmed
rCold   . . .      Faith    .   (no shield)
rNeg    . . .      Spirit   .   i - +0 robe
rPois   .          Reflect  .   k - +2 hat
rElec   .          Harm     .   (no cloak)
rCorr   +          Rampage  .   (gloves unavailable)
rMut    +          Archmagi +   (boots unavailable)
Will    .....                   (no amulet)
Stlth   +.........              g - ring of the Mage {Wiz Archmagi}
HPRegen 2.23/turn               (no ring)
MPRegen 0.47/turn

@: mighty
A: large, unfitting armour, claws 3, regeneration 1, shaggy fur 1, tough skin 1,
clever 2, mutation resistance 3, robust 2, tendrils
a: Renounce Religion, Oozemancy


You were on level 10 of the Dungeon.
You worshipped Jiyva.
Jiyva was most pleased with you.
You visited 1 branch of the dungeon, and saw 10 of its levels.
You also visited: Sewer.

You collected 381 gold pieces.

Inventory:

Hand Weapons
 a - a +0 hunting sling
Missiles
 d - 203 stones
 j - 3 throwing nets
 m - 8 poisoned darts (quivered)
Armour
 i - a +0 robe (worn)
 k - a +2 hat (worn)
Jewellery
 g - the ring of the Mage (left claw) {Wiz Archmagi}
   (You found it on level 5 of the Dungeon)

   [ring of wizardry]

   It improves your spell success rate.
   Archmagi:  It increases the power of your magical spells.
 h - a +4 ring of protection
Wands
 c - a wand of flame (26)
 e - a wand of charming (9)
 r - a wand of iceblast (2)
 s - a wand of mindburst (5)
Scrolls
 f - 2 scrolls of immolation
Potions
 b - 2 potions of attraction
 l - a potion of curing {unknown}
 n - a potion of might
 o - a potion of mutation {unknown}
 q - a potion of degeneration {unknown}


   Skills:
 - Level 9.5 Fighting
 - Level 3.0(3.3) Slings
 - Level 2.9(4.0) Throwing
 + Level 1.9 Dodging
 - Level 11.6 Unarmed Combat
 - Level 1.2 Spellcasting
 - Level 1.3 Transmutations


You had 10 spell levels left.
You knew the following spells:

 Your Spells              Type           Power      Damage    Failure   Level
a - Beastly Appendage     Tmut           12%        N/A       6%          1

Your spell library contained the following spells:

 Spells                   Type           Power      Damage    Failure   Level
 Wereblood                Tmut           6%         N/A       10%         2
 Animate Skeleton         Necr           2%         N/A       12%         1
 Pain                     Necr           4%         1d4       12%         1
 Static Discharge         Conj/Air       1%         N/A       16%         2
 Spider Form              Tmut/Pois      3%         N/A       24%         3
 Tukima's Dance           Hex            1%         N/A       32%         3
 Vampiric Draining        Necr           1%         2d6       32%         3
 Ice Form                 Ice/Tmut       3%         N/A       58%         4
 Dispel Undead            Necr           1%         3d6       69%         4
 Passage of Golubria      Tloc           1%         N/A       69%         4
 Sticky Flame             Conj/Fire      1%         2d3       69%         4
 Summon Ice Beast         Ice/Summ       1%         N/A       69%         4
 Yara's Violent Unravell  Hex/Tmut       1%         3d3       89%         5
 Summon Mana Viper        Hex/Summ       1%         N/A       95%         5
 Monstrous Menagerie      Summ           0%         N/A       100%        7


Dungeon Overview and Level Annotations

Branches:
Dungeon (10/15)            Temple (0/1) D:5             Orc (0/2) D:9
  Sewer (visited)
   Lair: D:8-11

Altars:
Cheibriados
Dithmenos
Elyvilon
Hepliaklqana
Makhleb
Okawaru
Ru
Sif Muna
Trog
Yredelemnul
Beogh
Jiyva

Shops:
D:5 (


Innate Abilities, Weirdness & Mutations

You are too large for most types of armour.
You have claws for hands.
Your natural rate of healing is unusually fast.
You are covered in fur. (AC +1)
You have tough skin. (AC +1)
Your mind is very acute. (Int +4)
You are almost entirely resistant to further mutation and mutation removal.
You are very robust. (+20% HP)
You are covered in slimy tendrils that may disarm your opponents.


Message History

You hear a distant slurping noise.
The troll bites you! The troll claws you. The troll closely misses you.
You hear a distant slurping noise.
You scratch the troll but do no damage. The troll bites you.
The troll closely misses you. The troll claws you.
You claw the troll! Your claw misses the troll.
The troll is moderately wounded.
The troll bites you! The troll barely misses you. The troll claws you!
You claw the troll! You claw the troll.
The troll is severely wounded.
The troll bites you. The troll barely misses you. The troll closely misses you.
You scratch the troll.
The troll is severely wounded.
You scratch the troll but do no damage.
The troll is severely wounded.
The troll bites you. The troll claws you. x2
You closely miss the troll.
The troll is heavily wounded.
The gargoyle hurls a stone arrow at you.
The stone arrow hits you! The troll barely misses you. The troll claws you.
The troll claws you!
You scratch the troll. Your claw misses the troll.
The troll is severely wounded.
The gargoyle barely misses you. The troll bites you.
The troll barely misses you. The troll claws you!
You hear a distant slurping noise. x2
You completely miss the troll.
The troll is heavily wounded.
The gargoyle hits you with a +0 morningstar!
* * * LOW HITPOINT WARNING * * *
The troll bites you!
* * * LOW HITPOINT WARNING * * *
The troll closely misses you. The troll claws you.
* * * LOW HITPOINT WARNING * * *
You feel very mighty all of a sudden.
You hear a distant slurping noise.
You hear a squelching noise.
The gargoyle hits you with a +0 morningstar!
* * * LOW HITPOINT WARNING * * *
The troll bites you!
You die...

......# .....#
######+###...#
#.......##...#
.............#
#......<.)...#
#...^J..(....##
#......(##T9..#
#.......##@...#
#........#...)#
#........#....#
#........#....#
#........#....#
#....# #....#
#....#


You could see a troll and a gargoyle.

Vanquished Creatures
  Harold (D:7)
  A boulder beetle (D:8)
  A two-headed ogre (D:10)
  Erica (D:9)
  Pikel (D:7)
  A deep elf pyromancer (D:8)
  Joseph (D:7)
  A spriggan (D:8)
  A wraith (D:9)
  3 water moccasins
  An orc warrior (D:9)
  3 ice beasts
  3 ogres
  2 sky beasts
  3 centaurs
  A phantom (D:5)
  2 lemures (D:7)
  A kobold brigand (D:7)
  A bullfrog (D:8)
  A wyvern zombie (D:7)
  2 scorpions
  7 killer bees (D:8)
  9 wights
  3 howler monkeys
  A centaur zombie (D:9)
  3 hounds
  4 orc priests
  3 centaur skeletons
  An iguana (D:6)
  6 orc wizards
  A killer bee zombie (D:6)
  11 gnolls
  6 adders
  2 white imps (D:6)
  2 ufetubi (D:5)
  3 worms
  2 dart slugs
  21 orcs
  7 ball pythons
  5 bats
  An endoplasm (D:1)
  5 giant cockroaches
  9 goblins
  A hobgoblin (D:4)
  8 jackals
  15 quokkas
  7 frilled lizards
  8 kobolds
  5 rats
188 creatures vanquished.

Vanquished Creatures (collateral kills)
  Maurice (D:8)
1 creature vanquished.

Vanquished Creatures (others)
  A slime creature (D:5)
  A water moccasin (D:8)
  2 black bears (D:5)
  3 bullfrogs
  A scorpion (D:4)
  9 jellies
  A killer bee (D:8)
  A howler monkey (D:8)
  A hound (D:6)
  A centaur skeleton (D:6)
  2 orc wizards
  A gnoll (D:5)
  2 adders
  A white imp (D:5)
  2 orcs
  6 ball pythons (Sewer)
  8 endoplasms
  8 giant cockroaches
  3 goblins (D:4)
  4 jackals
  7 quokkas (Sewer)
  5 frilled lizards (Sewer)
  A kobold (D:3)
  14 plants (D:6)
85 creatures vanquished.

Grand Total: 274 creatures vanquished

Notes
Turn   | Place    | Note
-------+----------+-------------------------------------------
     0 | D:1      | dolemite99 the Troll Transmuter began the quest for the
                  | Orb.
     0 | D:1      | Reached XP level 1. HP: 18/18 MP: 1/1
   185 | D:1      | Reached XP level 2. HP: 26/26 MP: 2/2
   413 | D:1      | Found a faded altar of an unknown god.
   437 | D:1      | Prayed at the altar of an unknown god.
   437 | D:1      | Became a worshipper of Jiyva Jaankom the Shapeless
   437 | D:1      | Reached * piety under Jiyva
   634 | D:2      | Reached skill level 4 in Unarmed Combat
   686 | D:2      | Reached ** piety under Jiyva
   717 | D:2      | Reached XP level 3. HP: 22/32 MP: 3/3
  1054 | D:2      | Noticed a scorpion
  1060 | D:2      | Killed a scorpion
  1061 | D:2      | Reached skill level 5 in Unarmed Combat
  1061 | D:2      | Reached XP level 4. HP: 31/40 MP: 4/4
  1241 | D:3      | Found a hazy altar of Hepliaklqana.
  1295 | D:3      | Reached XP level 5. HP: 46/46 MP: 5/5
  1297 | D:3      | Found an iron altar of Okawaru.
  1432 | D:3      | Reached *** piety under Jiyva
  1452 | D:3      | Gained mutation: You are agile. (Dex +2) [Jiyva's grace]
  1452 | D:3      | Gained mutation: You are very agile. (Dex +4) [Jiyva's
                  | grace]
  1452 | D:3      | Gained mutation: You are robust. (+10% HP) [Jiyva's grace]
  1452 | D:3      | Gained mutation: You are very robust. (+20% HP) [Jiyva's
                  | grace]
  1763 | D:3      | Found a glowing drain.
  1780 | Sewer    | Entered a sewer
  1795 | Sewer    | Reached skill level 6 in Unarmed Combat
  2124 | D:4      | Reached **** piety under Jiyva
  2231 | D:4      | Found a burning altar of Makhleb.
  2313 | D:4      | Reached XP level 6. HP: 47/64 MP: 6/6
  2325 | D:4      | Reached skill level 7 in Unarmed Combat
  2768 | D:5      | Entered Level 5 of the Dungeon
  2827 | D:5      | Noticed a slime creature
  2827 | D:5      | an ogre changed into a slime creature
  2861 | D:5      | Reached skill level 8 in Unarmed Combat
  2861 | D:5      | Reached XP level 7. HP: 73/73 MP: 7/7
  2919 | D:5      | Found the ring of the Mage {Wiz Archmagi}
  2932 | D:5      | Killed a slime creature
  2933 | D:5      | Found a staircase to the Ecumenical Temple.
  2944 | D:5      | Lost mutation: You are very agile. (Dex +4) [Jiyva's grace]
  2944 | D:5      | Lost mutation: You are agile. (Dex +2) [Jiyva's grace]
  2944 | D:5      | Gained mutation: Your mind is acute. (Int +2) [Jiyva's
                  | grace]
  2944 | D:5      | Gained mutation: Your mind is very acute. (Int +4) [Jiyva's
                  | grace]
  2944 | D:5      | Gained mutation: You have a small jelly attached to you
                  | that senses nearby items. [Jiyva's grace]
  2944 | D:5      | Gained mutation: You have acidic saliva. [Jiyva's grace]
  3049 | D:5      | Found a shadowy altar of Dithmenos.
  3113 | D:5      | Reached skill level 9 in Unarmed Combat
  3399 | D:5      | Found a bloodstained altar of Trog.
  3411 | D:5      | Found Veexkiy's Weapon Emporium.
  3902 | D:6      | Found a basalt altar of Yredelemnul.
  3931 | D:6      | Reached XP level 8. HP: 60/81 MP: 8/8
  4210 | D:6      | Reached skill level 10 in Unarmed Combat
  4339 | D:6      | Reached skill level 11 in Unarmed Combat
  4778 | D:6      | Found a shimmering blue altar of Sif Muna.
  4991 | D:7      | Noticed Joseph
  5011 | D:7      | Killed Joseph
  5012 | D:7      | Reached XP level 9. HP: 43/99 MP: 9/9
  5016 | D:7      | Found a flagged portal.
  5164 | D:7      | Noticed Pikel
  5179 | D:7      | Killed Pikel
  5319 | D:7      | Noticed Harold
  5335 | D:7      | Killed Harold
  5654 | D:8      | Reached XP level 10. HP: 97/122 MP: 10/10
  5702 | D:8      | Noticed Maurice
  5719 | D:8      | Killed Maurice
  5773 | D:8      | Found a white marble altar of Elyvilon.
  5928 | D:8      | HP: 5/124 [poisoned by a killer bee]
  5987 | D:8      | Noticed a deep elf pyromancer
  5999 | D:8      | Killed a deep elf pyromancer
  6070 | D:8      | Found a sacrificial altar of Ru.
  6182 | D:8      | Found a snail-covered altar of Cheibriados.
  6285 | D:8      | Noticed a boulder beetle
  6302 | D:8      | Killed a boulder beetle
  6663 | D:9      | Noticed Erica
  6683 | D:9      | Killed Erica
  6859 | D:9      | Reached skill level 1 in Throwing
  6862 | D:9      | Found a staircase to the Orcish Mines.
  7008 | D:9      | Lost mutation: You have acidic saliva. [Jiyva's grace]
  7008 | D:9      | Lost mutation: You have a small jelly attached to you that
                  | senses nearby items. [Jiyva's grace]
  7008 | D:9      | Gained mutation: You are somewhat resistant to further
                  | mutation. [Jiyva's grace]
  7008 | D:9      | Gained mutation: You are somewhat resistant to both further
                  | mutation and mutation removal. [Jiyva's grace]
  7008 | D:9      | Gained mutation: You are almost entirely resistant to
                  | further mutation and mutation removal. [Jiyva's grace]
  7008 | D:9      | Gained mutation: You are covered in slimy tendrils that may
                  | disarm your opponents. [Jiyva's grace]
  7065 | D:10     | Entered Level 10 of the Dungeon
  7065 | D:10     | Noticed a two-headed ogre
  7070 | D:10     | Killed a two-headed ogre
  7085 | D:10     | Noticed a gargoyle
  7100 | D:10     | HP: 3/128 [gargoyle (14)]
  7100 | D:10     | Mangled by a troll

Illustrated notes

Levels and vault maps discovered:
D:1:      minmay_arrival_four_circles, layout_basic,
          ebering_ecumenical_altar_hall
D:2:      layout_loops_ring
D:3:      layout_loops_ring, lemuel_tele_altar, mainiacjoe_overflow_paths,
          gup_sewer_entry_pipe
D:4:      layout_basic, mainiacjoe_overflow_catwalk
D:5:      nicolae_cairo_tiling_very_big, layout_gridville,
          grunt_dithmenos_smoke, trog_ov_bears_minmay, minmay_temple_entry_mist,
          minmay_misc_feat_ornament, hex_tiny, chequers_serial_rivers_micro_a,
          nicolae_stop_n_shop_2
D:6:      layout_loops_corners, overflow_temple_1_default,
          lemuel_blue_sif_altar, st_stairs_4, serial_bayou_crossing
D:7:      layout_basic, enter_bailey_2, uniq_harold, uniq_pikel, uniq_joseph
D:8:      layout_cave_pools, mainiacjoe_overflow_alcove_4,
          overflow_temple_1_default, mainiacjoe_overflow_cross_hatched,
          the_hattery, uniq_maurice
D:9:      layout_rooms, minmay_orc_entry_temple_small, uniq_erica
D:10:     layout_gridville, uniq_gastronok

Skill      XL: |  1  2  3  4  5  6  7  8  9 10 |
---------------+-------------------------------+-----
Unarmed Combat | 4 5 6 8 9 11 | 11.6
Fighting       | 3 7 9 |  9.5
Slings         | 3 |  3.0
Throwing       | 2 |  2.9
Dodging        | |  1.9
Spellcasting   | |  1.2
Transmutations | |  1.3

Action                   |  1- 3 |  4- 6 |  7- 9 | 10-12 || total
-------------------------+-------+-------+-------+-------++-------
Melee: Unarmed           |    98 |   121 |   198 |   105 ||   522
       Punch             |     1 |     3 |     9 |     5 ||    18
       Bite              |       |       |    18 |     9 ||    27
 Fire: Hunting sling     |       |       |       |    23 ||    23
Throw: Dart              |       |       |    18 |    14 ||    32
       Stone             |       |       |     5 |     1 ||     6
Invok: Slimify           |       |     1 |       |       ||     1
       Oozemancy         |       |       |     7 |     1 ||     8
Evoke: Wand              |       |       |       |     4 ||     4
  Use: Scroll            |       |     7 |       |     5 ||    12
       Potion            |       |       |     1 |     6 ||     7
 Stab: Distracted        |       |     1 |       |       ||     1
Armor: Robe              |    45 |    45 |    34 |    18 ||   142
Dodge: Dodged            |    49 |    62 |    96 |    72 ||   279
